[Event "Vezerkepzo GM November 2021"]
[Site "Budapest"]
[Date "2021.11.18"]
[Round "1.3"]
[White "Murphy, Conor E"]
[Black "Nitish Belurkar"]
[Result "0-1"]
[ECO "E71"]
[WhiteElo "2421"]
[BlackElo "2362"]
[Annotator "NA"]
[PlyCount "132"]
[EventDate "2021.11.20"]
[EventType "tourn"]
[EventRounds "9"]
[EventCountry "HUN"]
[SourceTitle "playchess.com"]
[Source "ChessBase"]
[SourceQuality "1"]
[TimeControl "40/5400+30:1800+30"]

1. d4 Nf6 2. c4 g6 3. Nc3 Bg7 4. e4 d6 5. h3 O-O 6. Be3 e5 7. d5 a5 8. g4 Na6 9. Nge2 c6 10. Ng3 cxd5 11. cxd5 Bd7 12. Be2 Nc5 13. h4 a4 14. f3 b5 15. Qd2 Qa5 16. h5 Rfc8 17. Bh6 a3 18. Bxg7 axb2 19. Rb1 Kxg7 20. Rxb2 Nd3+ 21. Bxd3 Rxc3 22. O-O Qb6+ 23. Kh1 Qd4 24. Rb3 Ra3 25. Qxc3 Qxc3 26. Rxc3 Rxc3 27. Rd1 gxh5 28. g5 Ne8 29. Ne2 Ra3 30. f4 Bg4 31. Bxb5 Nc7 32. Bc4 Re3 33. fxe5 Ne8 34. Rd2 Rxe4 35. Bb5 Nc7 36. Nc3 Rxe5 37. Bc6 Re3 38. Na4 Kg6 39. Nb6 Rc3 40. Rf2 Bf3+ 41. Kh2 Kxg5 42. Nc8 Kg4 43. Nxd6 Rc1 44. Rxf3 Kxf3 45. Nxf7 Kf4 46. a4 Rc5 47. Nd8 Ke5 48. Nf7+ Kf4 49. Nd8 Ke5 50. Nf7+ Kd4 51. Ng5 h6 52. Nf3+ Ke3 53. Nh4 Nxd5 54. Nf5+ Kf4 55. Nd4 Ke5 56. Nf3+ Ke4 57. Nd2+ Kf4 58. Bb7 Ne3 59. Ne4 Rc2+ 60. Kg1 Ng4 61. a5 h4 62. Nd6 h3 63. Kf1 h2 64. a6 Ra2 65. Nb5 Ne3+ 66. Ke1 Ng2+ 0-1

[Event "Vezerkepzo GM November 2021"]
[Site "Budapest"]
[Date "2021.11.18"]
[Round "1.4"]
[White "Chakravarthi Reddy, M."]
[Black "Prraneeth Vuppala"]
[Result "1-0"]
[ECO "A28"]
[WhiteElo "2332"]
[BlackElo "2275"]
[Annotator "NA"]
[PlyCount "89"]
[EventDate "2021.11.20"]
[EventType "tourn"]
[EventRounds "9"]
[EventCountry "HUN"]
[SourceTitle "playchess.com"]
[Source "ChessBase"]
[SourceQuality "1"]
[TimeControl "40/5400+30:1800+30"]

1. c4 e5 2. Nc3 Nf6 3. Nf3 Nc6 4. e3 Bb4 5. Qc2 Bxc3 6. Qxc3 Qe7 7. a3 d5 8. cxd5 Nxd5 9. Qc2 e4 10. Ng1 O-O 11. b4 f5 12. Bc4 Be6 13. Bb2 Kh8 14. Nh3 a6 15. O-O Rad8 16. f3 Bg8 17. fxe4 fxe4 18. Nf2 Rde8 19. Ng4 Qe6 20. Bxd5 Qxd5 21. Qc3 Qg5 22. Nf6 Re6 23. h4 Qg6 24. Nh5 Rxf1+ 25. Rxf1 Re7 26. Qc5 b6 27. Qg5 Rf7 28. Rf4 Ne7 29. Rxe4 Nf5 30. Rg4 Qxg5 31. hxg5 Rd7 32. Rf4 Nd6 33. Rf8 Nc4 34. Bc3 Nd6 35. d3 Re7 36. e4 c5 37. bxc5 bxc5 38. a4 c4 39. Nxg7 Rxg7 40. e5 Nf5 41. e6 cxd3 42. Rxf5 d2 43. Rd5 Bxe6 44. Rd8+ Bg8 45. Rxd2 1-0

[Event "Vezerkepzo GM November 2021"]
[Site "Budapest"]
[Date "2021.11.18"]
[Round "1.5"]
[White "Souhardo Basak"]
[Black "Manish Anto Cristiano F"]
[Result "1-0"]
[ECO "B92"]
[WhiteElo "2382"]
[BlackElo "2371"]
[Annotator "NA"]
[PlyCount "57"]
[EventDate "2021.11.20"]
[EventType "tourn"]
[EventRounds "9"]
[EventCountry "HUN"]
[SourceTitle "playchess.com"]
[Source "ChessBase"]
[SourceQuality "1"]
[TimeControl "40/5400+30:1800+30"]

1. e4 c5 2. Nf3 d6 3. d4 cxd4 4. Nxd4 Nf6 5. Nc3 a6 6. Be2 e5 7. Nb3 Be7 8. Be3 Be6 9. Nd5 Nbd7 10. Qd3 Bxd5 11. exd5 O-O 12. g4 Nc5 13. Nxc5 dxc5 14. O-O-O e4 15. Qd2 Ne8 16. h4 Rc8 17. g5 Nd6 18. h5 f5 19. Rdg1 Qc7 20. Bf4 Rfd8 21. g6 h6 22. Bxh6 gxh6 23. Qxh6 Bf6 24. g7 Qe7 25. Qh8+ Kf7 26. Qh7 Bxb2+ 27. Kb1 Kf6 28. Rg6+ Ke5 29. g8=Q 1-0

[Event "Vezerkepzo GM November 2021"]
[Site "Budapest"]
[Date "2021.11.19"]
[Round "2.1"]
[White "Pap, Misa"]
[Black "Manish Anto Cristiano F"]
[Result "1-0"]
[ECO "B22"]
[WhiteElo "2377"]
[BlackElo "2371"]
[Annotator "NA"]
[PlyCount "97"]
[EventDate "2021.11.20"]
[EventType "tourn"]
[EventRounds "9"]
[EventCountry "HUN"]
[SourceTitle "playchess.com"]
[Source "ChessBase"]
[SourceQuality "1"]
[TimeControl "40/5400+30:1800+30"]

1. e4 c5 2. c3 Nf6 3. e5 Nd5 4. Nf3 Nc6 5. Bc4 Nb6 6. Bb3 d6 7. exd6 Qxd6 8. O-O Bf5 9. d4 e6 10. Be3 c4 11. Bc2 Bg6 12. Nbd2 Rc8 13. Re1 Be7 14. Ne4 Qc7 15. Bg5 Nd5 16. Bxe7 Qxe7 17. Qe2 Bh5 18. Ng3 Bxf3 19. Qxf3 Qd7 20. Nh5 g6 21. Be4 Nce7 22. Ng7+ Kf8 23. Nxe6+ Qxe6 24. Bxd5 Qxd5 25. Qf6 Rg8 26. Qxe7+ Kg7 27. Qe5+ Qxe5 28. Rxe5 Rc6 29. Rae1 Ra6 30. Rb5 Rxa2 31. Rxb7 Re8 32. Kf1 Rxe1+ 33. Kxe1 Kf6 34. Kd2 Ke6 35. Rb5 h5 36. h4 Kd6 37. g3 Ke6 38. Ke3 Ra1 39. Rc5 Rb1 40. Rxc4 Rxb2 41. Ra4 Rb3 42. Ra6+ Kf5 43. Kd3 Rb7 44. f3 f6 45. Ra5+ Ke6 46. c4 Rc7 47. Ra6+ Ke7 48. d5 Rb7 49. Kd4 1-0

[Event "Vezerkepzo GM November 2021"]
[Site "Budapest"]
[Date "2021.11.19"]
[Round "2.2"]
[White "Prraneeth Vuppala"]
[Black "Souhardo Basak"]
[Result "1-0"]
[ECO "B51"]
[WhiteElo "2275"]
[BlackElo "2382"]
[Annotator "NA"]
[PlyCount "59"]
[EventDate "2021.11.20"]
[EventType "tourn"]
[EventRounds "9"]
[EventCountry "HUN"]
[SourceTitle "playchess.com"]
[Source "ChessBase"]
[SourceQuality "1"]
[TimeControl "40/5400+30:1800+30"]

1. e4 c5 2. Nf3 d6 3. Bb5+ Nd7 4. a4 Ngf6 5. Nc3 a6 6. Be2 g6 7. a5 Bg7 8. O-O O-O 9. d3 Nb8 10. e5 Ng4 11. exd6 Qxd6 12. h3 Nf6 13. Nd2 Qc7 14. Nc4 Nc6 15. Na4 Nd4 16. Ncb6 Rb8 17. c3 Ne6 18. Nxc8 Rbxc8 19. Nb6 Rcd8 20. Bf3 Nd7 21. Nxd7 Rxd7 22. Qe2 Rfd8 23. Rd1 Nf8 24. Ra4 e5 25. Bg5 f6 26. Be3 Ne6 27. b4 cxb4 28. Qa2 Re8 29. Rxb4 Qxc3 30. Rc4 1-0

[Event "Vezerkepzo GM November 2021"]
[Site "Budapest"]
[Date "2021.11.19"]
[Round "2.3"]
[White "Nitish Belurkar"]
[Black "Chakravarthi Reddy, M."]
[Result "1-0"]
[ECO "D02"]
[WhiteElo "2362"]
[BlackElo "2332"]
[Annotator "NA"]
[PlyCount "59"]
[EventDate "2021.11.20"]
[EventType "tourn"]
[EventRounds "9"]
[EventCountry "HUN"]
[SourceTitle "playchess.com"]
[Source "ChessBase"]
[SourceQuality "1"]
[TimeControl "40/5400+30:1800+30"]

1. d4 d5 2. Nf3 Nf6 3. Bf4 c5 4. e3 Nc6 5. c3 Qb6 6. b3 Bf5 7. Bd3 Bg6 8. dxc5 Qxc5 9. b4 Qb6 10. a4 a5 11. b5 Na7 12. O-O e6 13. c4 dxc4 14. Bxg6 hxg6 15. Nbd2 Rc8 16. Ne5 Bb4 17. Ndxc4 Qc5 18. e4 Rd8 19. Qf3 Nc8 20. Nxf7 Kxf7 21. Ne5+ Kg8 22. Rac1 Qe7 23. Nxg6 Qf7 24. Nxh8 Kxh8 25. Bg5 Rf8 26. e5 Qh5 27. Qxh5+ Nxh5 28. g4 Nb6 29. gxh5 Nxa4 30. Rc7 1-0

[Event "Vezerkepzo GM November 2021"]
[Site "Budapest"]
[Date "2021.11.19"]
[Round "2.5"]
[White "Kovalev, Andrei"]
[Black "Juhasz, Agoston"]
[Result "1/2-1/2"]
[ECO "B15"]
[WhiteElo "2501"]
[BlackElo "2379"]
[Annotator "ChessBase"]
[PlyCount "29"]
[EventDate "2021.11.20"]
[EventType "tourn"]
[EventRounds "9"]
[EventCountry "HUN"]
[SourceTitle "playchess.com"]
[Source "ChessBase"]
[SourceQuality "1"]
[TimeControl "40/5400+30:1800+30"]

1. e4 c6 2. d4 d5 3. Nd2 dxe4 4. Nxe4 Nf6 5. Nxf6+ exf6 6. Bc4 Bd6 7. Qe2+ Be7 8. Nf3 O-O 9. h3 Re8 10. O-O Bd6 11. Be3 Nd7 12. Bd3 Nf8 13. c4 Be6 14. Nh4 g6 15. f4 1/2-1/2

[Event "Vezerkepzo GM November 2021"]
[Site "Budapest"]
[Date "2021.11.20"]
[Round "3.1"]
[White "Juhasz, Agoston"]
[Black "Pap, Misa"]
[Result "0-1"]
[ECO "C55"]
[WhiteElo "2379"]
[BlackElo "2377"]
[Annotator "NA"]
[PlyCount "86"]
[EventDate "2021.11.20"]
[EventType "tourn"]
[EventCountry "HUN"]
[SourceTitle "playchess.com"]
[Source "ChessBase"]
[SourceQuality "1"]
[TimeControl "40/5400+30:1800+30"]

1. e4 e5 2. Nf3 Nc6 3. Bc4 Nf6 4. d3 Be7 5. O-O O-O 6. Re1 d6 7. a4 Be6 8. a5 a6 9. c3 Qd7 10. Nbd2 Rfe8 11. Bxe6 fxe6 12. Nc4 Bf8 13. Bg5 Qf7 14. d4 exd4 15. Nxd4 e5 16. Nxc6 bxc6 17. Qd3 Ng4 18. f3 d5 19. Ne3 Nxh2 20. exd5 Qh5 21. Qe4 Nxf3+ 22. Qxf3 Qxg5 23. Ra4 Bc5 24. Rg4 e4 25. Qf8+ Kxf8 26. Rxg5 Rab8 27. dxc6 Bxe3+ 28. Rxe3 Rxb2 29. Rf5+ Kg8 30. Rd5 Rb1+ 31. Kf2 Rb5 32. c4 Rxd5 33. cxd5 Kf7 34. Kg3 Rd8 35. Rb3 Ke7 36. Rb7 Kd6 37. Kf4 Re8 38. Ke3 Re5 39. Ra7 Rxd5 40. Rxa6 Rg5 41. Ra8 Kxc6 42. Kxe4 Kb7 43. Rh8 h6 0-1

[Event "Vezerkepzo GM November 2021"]
[Site "Budapest"]
[Date "2021.11.20"]
[Round "3.4"]
[White "Souhardo Basak"]
[Black "Nitish Belurkar"]
[Result "1/2-1/2"]
[ECO "C07"]
[WhiteElo "2382"]
[BlackElo "2362"]
[Annotator "NA"]
[PlyCount "40"]
[EventDate "2021.11.20"]
[EventType "tourn"]
[EventCountry "HUN"]
[SourceTitle "playchess.com"]
[Source "ChessBase"]
[SourceQuality "1"]
[TimeControl "40/5400+30:1800+30"]

1. e4 e6 2. d4 d5 3. Nd2 c5 4. exd5 Qxd5 5. dxc5 Bxc5 6. Ngf3 Nf6 7. Bc4 Qc6 8. Qe2 O-O 9. Nb3 Bd6 10. Nbd4 Qb6 11. Nb5 Bc5 12. O-O Bd7 13. a4 Nc6 14. Bf4 e5 15. Bxe5 Nxe5 16. Nxe5 Bxb5 17. Bxb5 a6 18. Nd7 Nxd7 19. Bxd7 Rad8 20. Rfd1 Bd4 1/2-1/2

[Event "Vezerkepzo GM November 2021"]
[Site "Budapest"]
[Date "2021.11.20"]
[Round "3.5"]
[White "Manish Anto Cristiano F"]
[Black "Prraneeth Vuppala"]
[Result "0-1"]
[ECO "D31"]
[WhiteElo "2371"]
[BlackElo "2275"]
[Annotator "NA"]
[PlyCount "106"]
[EventDate "2021.11.20"]
[EventType "tourn"]
[EventCountry "HUN"]
[SourceTitle "playchess.com"]
[Source "ChessBase"]
[SourceQuality "1"]
[TimeControl "40/5400+30:1800+30"]

1. d4 d5 2. c4 e6 3. Nc3 a6 4. cxd5 exd5 5. Nf3 c6 6. Bf4 Bd6 7. Bxd6 Qxd6 8. e4 dxe4 9. Nxe4 Qe7 10. Qe2 Kf8 11. Qe3 Nd7 12. Bd3 Ngf6 13. O-O Nxe4 14. Bxe4 Nf6 15. Ne5 Nxe4 16. Qxe4 g6 17. Rfe1 Kg7 18. d5 cxd5 19. Qd4 Qf6 20. Rac1 Be6 21. Rc3 h5 22. Rc7 b5 23. h3 Rhc8 24. Rb7 Rc2 25. Nf3 Rc4 26. Qd2 Rac8 27. Ng5 R8c7 28. Rb6 R4c6 29. Qe3 d4 30. Nxe6+ fxe6 31. Qg3 h4 32. Rxc6 Rxc6 33. Qd3 Qf4 34. g3 Qd6 35. gxh4 Qd5 36. a3 e5 37. Kh2 Rf6 38. Qg3 e4 39. Rc1 Qf5 40. Rc7+ Kh6 41. Kh1 e3 42. Qg5+ Qxg5 43. hxg5+ Kxg5 44. fxe3 dxe3 45. Re7 Kf4 46. Kg2 Rc6 47. b3 Rc2+ 48. Kf1 Ra2 49. Re6 Rxa3 50. Rxg6 a5 51. Ra6 Rxb3 52. Rxa5 Kf3 53. Ra1 Rb2 0-1

[Event "Vezerkepzo GM November 2021"]
[Site "Budapest"]
[Date "2021.11.21"]
[Round "4.1"]
[White "Pap, Misa"]
[Black "Prraneeth Vuppala"]
[Result "0-1"]
[ECO "B22"]
[WhiteElo "2377"]
[BlackElo "2275"]
[Annotator "NA"]
[PlyCount "70"]
[EventDate "2021.11.20"]
[EventType "tourn"]
[EventCountry "HUN"]
[SourceTitle "playchess.com"]
[Source "ChessBase"]
[SourceQuality "1"]
[TimeControl "40/5400+30:1800+30"]

1. e4 c5 2. c3 Nf6 3. e5 Nd5 4. Nf3 d6 5. d4 cxd4 6. cxd4 Nc6 7. Bc4 dxe5 8. dxe5 Be6 9. O-O g6 10. Ng5 Bg7 11. Nxe6 fxe6 12. Qe2 O-O 13. f4 g5 14. g3 gxf4 15. gxf4 Qb6+ 16. Kh1 Qd4 17. Nc3 Nxf4 18. Bxf4 Rxf4 19. Rxf4 Qxf4 20. Rf1 Qxe5 21. Qg4 Nd4 22. Qg2 Rf8 23. Rxf8+ Kxf8 24. Qxb7 Nf5 25. Qxa7 Qe1+ 26. Kg2 Bxc3 27. Qa8+ Kg7 28. bxc3 Ne3+ 29. Kh3 Nxc4 30. Qg2+ Kh6 31. Qg4 Qxc3+ 32. Kh4 Qf6+ 33. Kh3 Qf5 34. a4 Qxg4+ 35. Kxg4 Kg6 0-1

[Event "Vezerkepzo GM November 2021"]
[Site "Budapest"]
[Date "2021.11.21"]
[Round "4.2"]
[White "Nitish Belurkar"]
[Black "Manish Anto Cristiano F"]
[Result "1-0"]
[ECO "B92"]
[WhiteElo "2362"]
[BlackElo "2371"]
[Annotator "NA"]
[PlyCount "87"]
[EventDate "2021.11.20"]
[EventType "tourn"]
[EventCountry "HUN"]
[SourceTitle "playchess.com"]
[Source "ChessBase"]
[SourceQuality "1"]
[TimeControl "40/5400+30:1800+30"]

1. e4 c5 2. Nf3 d6 3. d4 cxd4 4. Nxd4 Nf6 5. Nc3 a6 6. Be2 e5 7. Nb3 Be7 8. O-O O-O 9. Re1 Be6 10. Bf3 Qc7 11. a4 Rc8 12. Be3 Nbd7 13. a5 Rab8 14. h3 h6 15. Nd2 Bd8 16. Nf1 b5 17. axb6 Nxb6 18. Nd2 Nc4 19. Nxc4 Bxc4 20. b3 Be6 21. Bd2 Qc6 22. Ra2 Bb6 23. Na4 Bd4 24. Be3 Rb4 25. c4 Bxe3 26. Rxe3 Rcb8 27. Kh2 Kf8 28. Rd3 Ke7 29. Rad2 Ne8 30. Nc3 Qb6 31. Bg4 Rxb3 32. Bxe6 fxe6 33. c5 Qxc5 34. Nd5+ exd5 35. Rxb3 Rxb3 36. Qxb3 d4 37. Qb7+ Nc7 38. Rd3 Qc2 39. Rg3 g5 40. Rf3 d3 41. Qb8 Ne6 42. Rf5 Qa4 43. Qb7+ Kd8 44. Rf7 1-0

[Event "Vezerkepzo GM November 2021"]
[Site "Budapest"]
[Date "2021.11.21"]
[Round "4.5"]
[White "Juhasz, Agoston"]
[Black "Murphy, Conor E"]
[Result "0-1"]
[ECO "C54"]
[WhiteElo "2379"]
[BlackElo "2421"]
[Annotator "RC"]
[PlyCount "162"]
[EventDate "2021.11.20"]
[EventType "tourn"]
[EventCountry "HUN"]
[SourceTitle "playchess.com"]
[Source "ChessBase"]
[SourceQuality "1"]
[TimeControl "40/5400+30:1800+30"]

1. e4 e5 2. Nf3 Nc6 3. Bc4 Nf6 4. d3 Bc5 5. O-O a6 6. c3 d6 7. Bb3 Ba7 8. Nbd2 O-O 9. h3 h6 10. Re1 Re8 11. Nf1 Be6 12. Bc2 d5 13. exd5 Qxd5 14. Ng3 Rad8 15. b4 Qd6 16. a4 Bxh3 17. gxh3 e4 18. Nf5 Qe6 19. N3d4 Nxd4 20. Nxd4 Rxd4 21. cxd4 Bxd4 22. Be3 Bxa1 23. Qxa1 Qxh3 24. Bd1 exd3 25. Qd4 Re6 26. Bd2 Rd6 27. Qe3 Qd7 28. Qf3 Nd5 29. Re5 Rg6+ 30. Kh1 Nb6 31. Bb3 Rf6 32. Qe4 Qh3+ 33. Kg1 Nd7 34. Re8+ Nf8 35. b5 a5 36. Bc4 Qh5 37. Qxd3 Rd6 38. Qc3 Qg4+ 39. Kf1 Rxd2 40. Qxd2 Qxc4+ 41. Ke1 g5 42. Qxa5 Kg7 43. Re3 Kg6 44. Qc3 Qxa4 45. Qd3+ Kg7 46. Qc3+ Kg8 47. Qxc7 Qb4+ 48. Qc3 Qb1+ 49. Kd2 Qxb5 50. Qc8 Qb4+ 51. Ke2 b5 52. Kf3 Qd6 53. Kg2 b4 54. Rf3 Qd5 55. Qf5 Qb7 56. Kg1 b3 57. Re3 b2 58. Re1 Ne6 59. f3 Qb6+ 60. Kg2 Qd6 61. Qc2 Qd4 62. Rd1 Qf6 63. Qc8+ Kg7 64. Qc2 Nf4+ 65. Kh2 Ng6 66. Rb1 Qf4+ 67. Kg1 Ne5 68. Qxb2 Qg3+ 69. Kh1 Qxf3+ 70. Kg1 Qg3+ 71. Kh1 h5 72. Rf1 Qh3+ 73. Kg1 Qe3+ 74. Kh2 g4 75. Kg2 h4 76. Kh1 Qe4+ 77. Kg1 f6 78. Ra1 Nf3+ 79. Kh1 Ng5+ 80. Kg1 g3 81. Qg2 Qd4+ 0-1

[Event "Vezerkepzo GM November 2021"]
[Site "Budapest"]
[Date "2021.11.23"]
[Round "6.5"]
[White "Murphy, Conor E"]
[Black "Chakravarthi Reddy, M."]
[Result "1-0"]
[ECO "C14"]
[WhiteElo "2421"]
[BlackElo "2332"]
[Annotator "RC"]
[PlyCount "81"]
[EventDate "2021.11.20"]
[EventType "tourn"]
[EventCountry "HUN"]
[SourceTitle "playchess.com"]
[Source "ChessBase"]
[SourceQuality "1"]
[TimeControl "40/5400+30:1800+30"]

1. e4 e6 2. d4 d5 3. Nc3 Nf6 4. Bg5 Be7 5. e5 Nfd7 6. h4 Nc6 7. Qd2 f6 8. exf6 Nxf6 9. O-O-O O-O 10. Kb1 a6 11. Nh3 Qe8 12. Re1 b5 13. f3 b4 14. Ne2 h6 15. Bf4 Na5 16. b3 c5 17. g4 Nd7 18. g5 h5 19. Bc7 Nc6 20. Nhf4 Rxf4 21. Nxf4 Nf8 22. dxc5 Bxc5 23. Qxd5 Bf2 24. Re2 Ra7 25. Qd1 Bc5 26. Be5 Rd7 27. Nd3 Bd4 28. Qc1 a5 29. Re1 Ng6 30. Bxd4 Rxd4 31. f4 Nce7 32. Bg2 a4 33. Re4 Qd8 34. Nxb4 Bb7 35. Rxd4 Qxd4 36. c3 Qb6 37. Bxb7 Qxb7 38. Re1 axb3 39. axb3 Nxh4 40. Qe3 Nhf5 41. Qxe6+ 1-0

[Event "Vezerkepzo GM November 2021"]
[Site "Budapest"]
[Date "2021.11.26"]
[Round "8.1"]
[White "Pap, Misa"]
[Black "Karthik Venkataraman"]
[Result "0-1"]
[ECO "C02"]
[WhiteElo "2377"]
[BlackElo "2491"]
[Annotator "RC"]
[PlyCount "118"]
[EventDate "2021.11.20"]
[EventType "tourn"]
[EventCountry "HUN"]
[SourceTitle "playchess.com"]
[Source "ChessBase"]
[SourceQuality "1"]
[TimeControl "40/5400+30:1800+30"]

1. e4 e6 2. d4 d5 3. e5 c5 4. c3 Nc6 5. Nf3 Qb6 6. Bd3 cxd4 7. O-O Bd7 8. Re1 Nge7 9. h4 h6 10. a3 Rc8 11. b4 a6 12. Bb2 Na5 13. cxd4 Nc4 14. Bc3 Nf5 15. Nbd2 Nxd2 16. Qxd2 Be7 17. h5 Bb5 18. Bxf5 exf5 19. e6 fxe6 20. a4 Bd7 21. b5 O-O 22. Ba5 Qd6 23. Rab1 Qa3 24. Ra1 Qd6 25. Rab1 Be8 26. bxa6 bxa6 27. Rb6 Qd7 28. Rbxe6 Ba3 29. Bb4 Bxb4 30. Qxb4 Bxh5 31. Re7 Qc6 32. Ne5 Qc3 33. Qxc3 Rxc3 34. Rb1 Kh8 35. Rbb7 Rg8 36. Nd7 Rc6 37. Kh2 f4 38. Ne5 Rc2 39. f3 Ra2 40. Rbd7 Rxa4 41. Rxd5 Ra2 42. Ra7 Rd2 43. Rdd7 Be8 44. Rd6 Bh5 45. Kg1 Rb8 46. Ng6+ Bxg6 47. Rxg6 Rb5 48. Re7 a5 49. Re5 Rxe5 50. dxe5 Re2 51. Rg4 g5 52. g3 fxg3 53. f4 gxf4 54. Rxf4 Rxe5 55. Kg2 Rg5 56. Rf7 Kg8 57. Ra7 h5 58. Kg1 h4 59. Kg2 h3+ 0-1

[Event "Vezerkepzo GM November 2021"]
[Site "Budapest"]
[Date "2021.11.26"]
[Round "8.2"]
[White "Kovalev, Andrei"]
[Black "Nitish Belurkar"]
[Result "1/2-1/2"]
[ECO "C17"]
[WhiteElo "2501"]
[BlackElo "2362"]
[Annotator "RC"]
[PlyCount "20"]
[EventDate "2021.11.20"]
[EventType "tourn"]
[EventCountry "HUN"]
[SourceTitle "playchess.com"]
[Source "ChessBase"]
[SourceQuality "1"]
[TimeControl "40/5400+30:1800+30"]

1. e4 e6 2. d4 d5 3. Nc3 Bb4 4. e5 c5 5. Bd2 Ne7 6. a3 Bxc3 7. Bxc3 b6 8. Bb5+ Bd7 9. Be2 Nbc6 10. Nf3 Qc7 1/2-1/2

[Event "Vezerkepzo GM November 2021"]
[Site "Budapest"]
[Date "2021.11.26"]
[Round "8.3"]
[White "Juhasz, Agoston"]
[Black "Prraneeth Vuppala"]
[Result "1-0"]
[ECO "C54"]
[WhiteElo "2379"]
[BlackElo "2275"]
[Annotator "ChessBase"]
[PlyCount "79"]
[EventDate "2021.11.20"]
[EventType "tourn"]
[EventCountry "HUN"]
[SourceTitle "playchess.com"]
[Source "ChessBase"]
[SourceQuality "1"]
[TimeControl "40/5400+30:1800+30"]

1. e4 e5 2. Nf3 Nc6 3. Bc4 Bc5 4. c3 Nf6 5. d3 d6 6. O-O h6 7. Re1 O-O 8. h3 a5 9. Nbd2 Be6 10. Bb5 Qb8 11. Bxc6 bxc6 12. d4 exd4 13. cxd4 Bb6 14. a4 Qa7 15. Nf1 d5 16. e5 Ne4 17. Be3 c5 18. dxc5 Bxc5 19. Rc1 Bxe3 20. Nxe3 Qb7 21. Nd4 c5 22. Nb5 d4 23. Nc4 Bxc4 24. Rxc4 Ng5 25. f4 Ne6 26. f5 Nf4 27. Qd2 g5 28. Rxc5 d3 29. Kh2 Rac8 30. Rxc8 Qxc8 31. g3 Nd5 32. Qxd3 Nb4 33. Qe4 Qc5 34. Nd4 Rd8 35. e6 Rxd4 36. exf7+ Kh7 37. f8=N+ Kh8 38. Ng6+ Kg7 39. Qb7+ Kf6 40. Re6+ 1-0